[Event "Late-Titled-Tuesday-Blitz-March-19-2024"]
[Site "Chess.com"]
[Date "2024.03.19"]
[Round "4"]
[White "Cambek64"]
[Black "SocoLoco"]
[Result "1-0"]
[WhiteElo "2504"]
[BlackElo "2164"]
[TimeControl "180+1"]
[EndTime "14:37:34 PDT"]
[Termination "Cambek64 won by checkmate"]

1. e4 c5 2. Nf3 e6 3. d3 d5 4. Nbd2 f5 5. exf5 exf5 6. g3 Nf6 7. Bg2 Be7 8. O-O O-O 9. Re1 Nc6 10. Nf1 h6 11. h4 Re8 12. c3 Bd7 13. Bf4 Qb6 14. Qc2 Bf8 15. Ne3 Rac8 16. c4 Nb4 17. Qb3 d4 18.
Nc2 Nxc2 19. Qxc2 Bd6 20. Qd2 Qc7 21. Bxd6 Qxd6 22. a3 Bc6 23. b4 b6 24. b5 Bb7 25.
a4 Ng4 26. a5 Ne5 27. Nxe5 Bxg2 28. Kxg2 Rxe5 29. Rxe5 Qxe5 30. Re1 Qd6 31. a6 Kf7 32. Qe2 Rc7 33. Qf3 Qf6 34. Qd5+ Kf8 35. Qa8+ Kf7 36.
Qe8# 1-0

[Event "Late-Titled-Tuesday-Blitz-March-19-2024"]
[Site "Chess.com"]
[Date "2024.03.19"]
[Round "4"]
[White "AntonovaNadezhda"]
[Black "Jahonas"]
[Result "0-1"]
[WhiteElo "2165"]
[BlackElo "2350"]
[TimeControl "180+1"]
[EndTime "14:37:35 PDT"]
[Termination "Jahonas won by resignation"]

1. Nf3 Nf6 2. b3 d5 3. Bb2 c6 4. g3 Bf5 5. Bg2 Nbd7 6. O-O e6 7. d3 h6 8. Nbd2 Bh7 9. c4 Be7 10. a3 O-O 11. b4 c5 12. cxd5 Nxd5 13. bxc5 Nxc5 14.
Nc4 Rc8 15. Rb1 a6 16. e4 Nf6 17. e5 Nd5 18. d4 Bxb1 19. Qxb1 Na4 20. Ncd2 b5 21. Ne4 Qa5 22. h4 Nxb2 23. Qxb2 Qxa3 24. Qe2 Nc3 25. Nxc3 Rxc3 26. g4 Rc1 27. g5 Rxf1+ 28.
Bxf1 hxg5 29. hxg5 Rc8 30. Qe4 g6 31. Nh2 Rc1 32. Ng4 Qa1 33. Nh6+ Kh7 34. Qe2 Rxf1+ 35. Qxf1 Qxf1+ 36. Kxf1 Kg7 37. f4 a5 38. Ke2 a4 39.
Kd3 b4 40. Kc2 b3+ 41. Kb2 Bb4 42. Ng4 Bd2 43. Nf2 Be3 44. Nd3 Bxd4+ 45. Kb1 a3 46. Nc1 a2+ 47. Nxa2 bxa2+ 48. Kxa2 Be3 0-1

[Event "Late-Titled-Tuesday-Blitz-March-19-2024"]
[Site "Chess.com"]
[Date "2024.03.19"]
[Round "4"]
[White "bescmelasti"]
[Black "Narek_Ghimoyan"]
[Result "1-0"]
[WhiteElo "2680"]
[BlackElo "2458"]
[TimeControl "180+1"]
[EndTime "14:37:36 PDT"]
[Termination "bescmelasti won by resignation"]

1. e4 c6 2. d4 d5 3. f3 e6 4. Nc3 Nf6 5. e5 Nfd7 6. f4 c5 7. Nf3 Nc6 8. Be3 cxd4 9. Nxd4 Qb6 10. Ncb5 Nxd4 11. Bxd4 Bc5 12. a3 a6 13. b4 Bxd4 14.
Nxd4 O-O 15. Bd3 f5 16. exf6 Nxf6 17. c3 Bd7 18. O-O Rac8 19. Qd2 Rc7 20. Rac1 Rfc8 21. Kh1 Kh8 22. Rfe1 a5 23. Nf3 axb4 24. axb4 Bb5 25.
Bb1 Be8 26. Nd4 Bf7 27. Re3 Rc4 28. Rce1 Ne4 29. Bxe4 dxe4 30. Rxe4 Rxc3 31. Nxe6 Bxe6 32. Rxe6 Rd3 33. Re8+ 1-0

[Event "Late-Titled-Tuesday-Blitz-March-19-2024"]
[Site "Chess.com"]
[Date "2024.03.19"]
[Round "4"]
[White "schondeln"]
[Black "bazar-wokzal"]
[Result "1-0"]
[WhiteElo "2407"]
[BlackElo "2555"]
[TimeControl "180+1"]
[EndTime "14:37:37 PDT"]
[Termination "schondeln won by checkmate"]

1. e4 Nc6 2. Nf3 d5 3. exd5 Qxd5 4. Nc3 Qa5 5. Bc4 Nf6 6. O-O Bg4 7. h3 Bh5 8. Re1 O-O-O 9. d3 Nd4 10. g4 Nxg4 11.
Nxd4 Rxd4 12. hxg4 Rxg4+ 13. Kf1 Rxc4 14. Qd2 Rh4 15. Kg2 e6 16. Ne4 Qd5 17. c4 Qc6 18. f3 Bd6 19. Qg5 Rh2+ 20. Kg1 Bxf3 21. Nxd6+ Qxd6 22. Bf4 Rg2+ 23. Qxg2 Qxf4 24. Qh2 Qd4+ 25. Qf2 Qg4+ 26.
Kf1 Rd8 27. Re3 Bc6 28. Qg3 Qf5+ 29. Kg1 b6 30. Rf1 Qh5 31. Qh3 Qc5 32. Kh2 Rd4 33. Rxf7 Qd6+ 34. Qg3 Rh4+ 35. Kg1 Rh1+ 36. Kf2 Qd4 37.
Qxc7# 1-0

[Event "Late-Titled-Tuesday-Blitz-March-19-2024"]
[Site "Chess.com"]
[Date "2024.03.19"]
[Round "4"]
[White "AlexTruskavetsky"]
[Black "diamonds13"]
[Result "1-0"]
[WhiteElo "2660"]
[BlackElo "2370"]
[TimeControl "180+1"]
[EndTime "14:37:38 PDT"]
[Termination "AlexTruskavetsky won by resignation"]

1. d4 Nf6 2. c4 e6 3. Nc3 Bb4 4. e3 O-O 5. a3 Bxc3+ 6. bxc3 c5 7. Bd3 b6 8. e4 Ne8 9. Ne2 Nc6 10. O-O Ba6 11. f4 Na5 12. Ng3 Bxc4 13. e5 Bxd3 14. Qxd3 c4 15. Qf3 Nb3 16. Rb1 f5 17. exf6 Nxf6 18.
f5 Nxc1 19. Rbxc1 Nd5 20. Qe2 Qe7 21. fxe6 dxe6 22. Rfe1 Nf4 23. Qxc4 Qxa3 24. Ra1 Qd6 25. Re5 Rac8 26. Qb3 a5 27. Rae1 Rc6 28. Ne4 Qc7 29. g3 Nd3 30. Rxe6 Rxe6 31. Qxe6+ Qf7 32. Qxf7+ Rxf7 33. Re3 Nb2 34. Nd6 Rf8 35. Re2 Na4 36.
c4 Rd8 37. Nb5 Rc8 38. d5 Rxc4 39. Re8+ Kf7 40. Nd6+ 1-0

[Event "Late-Titled-Tuesday-Blitz-March-19-2024"]
[Site "Chess.com"]
[Date "2024.03.19"]
[Round "4"]
[White "hell3raiser"]
[Black "Truequitos"]
[Result "0-1"]
[WhiteElo "2333"]
[BlackElo "2552"]
[TimeControl "180+1"]
[EndTime "14:37:40 PDT"]
[Termination "Truequitos won by resignation"]

1. e4 e6 2. d4 d5 3. Nd2 c5 4. exd5 Qxd5 5. dxc5 Nf6 6. Ngf3 Bxc5 7. Bd3 O-O 8. O-O Nc6 9. Qe2 Qh5 10. Ne4 Nxe4 11.
Qxe4 Nb4 12. Bf4 Nxd3 13. Qxd3 Be7 14. Rad1 h6 15. Be5 Rd8 16. Qxd8+ Bxd8 17. Rxd8+ Kh7 18.
Rfd1 b6 19. Bc3 Bb7 20. Rxa8 Bxa8 21. Rd3 Be4 22. Re3 Bxc2 23. h3 Bb1 24. Ne5 Bxa2 25. Rg3 Bd5 26. Nd7 Qd1+ 27. Kh2 g5 28. h4 Kg6 29. Ne5+ Kf5 30. hxg5 hxg5 31. Nxf7 Qh5+ 32. Kg1 Qxf7 0-1

[Event "Late-Titled-Tuesday-Blitz-March-19-2024"]
[Site "Chess.com"]
[Date "2024.03.19"]
[Round "4"]
[White "Savagelittlemole"]
[Black "jstopa4"]
[Result "0-1"]
[WhiteElo "2470"]
[BlackElo "2736"]
[TimeControl "180+1"]
[EndTime "14:37:41 PDT"]
[Termination "jstopa4 won by resignation"]

1. e4 c5 2. Ne2 g6 3. g3 Bg7 4.
Bg2 Nc6 5. O-O Nf6 6. c3 d5 7. exd5 Nxd5 8. d4 cxd4 9. Nxd4 Nxd4 10. cxd4 O-O 11. Nc3 Nb6 12. d5 Bf5 13. Re1 Re8 14. Bg5 Nc4 15. Qb3 Nd6 16. Nb5 Qb6 17. Nxd6 exd6 18.
Rxe8+ Rxe8 19. Qxb6 axb6 20. Be3 b5 21. Bf1 b4 22. Bf4 Bxb2 23. Rd1 Rd8 24. Bd3 Bg4 25. Re1 Bf3 26. Bg5 f6 27. Bd2 Bc3 28. Bxc3 bxc3 29.
Rc1 Rc8 30. Bc2 Bxd5 31. a4 Rc5 32. Rb1 Kf7 33. Kf1 Bc6 34. Ke2 f5 35. f3 Kf6 36.
Ke3 g5 37. Rd1 Re5+ 38. Kf2 Rd5 39. Rb1 Rd2+ 0-1

[Event "Late-Titled-Tuesday-Blitz-March-19-2024"]
[Site "Chess.com"]
[Date "2024.03.19"]
[Round "4"]
[White "flawian2008"]
[Black "ninguno46"]
[Result "1/2-1/2"]
[WhiteElo "2341"]
[BlackElo "2535"]
[TimeControl "180+1"]
[EndTime "14:37:43 PDT"]
[Termination "Game drawn by repetition"]

1. d4 Nf6 2. c4 g6 3. Nc3 d5 4. cxd5 Nxd5 5. e4 Nxc3 6. bxc3 Bg7 7. Qa4+ Nd7 8. Nf3 O-O 9. Be3 c5 10. Be2 e6 11. O-O b6 12. Rfd1 Qc7 13. Rac1 Bb7 14. d5 exd5 15. exd5 Qd6 16. Bf4 Ne5 17. Nxe5 Bxe5 18.
Bxe5 Qxe5 19. Bf3 Rfd8 20. c4 Qf6 21. Re1 Kg7 22. Re4 Bc8 23. Rce1 Bf5 24. Re7 a6 25. Qb3 b5 26. cxb5 axb5 27. Qxb5 Rxa2 28. Qxc5 Ra1 29. h3 Rc8 30. Qb4 Rcc1 31. Rxc1 Rxc1+ 32. Re1 Rc2 33. Rd1 Bxh3 34. d6 Bd7 35. Qb7 Qf5 36. Be4 Qxf2+ 37. Kh1 Qh4+ 38. Kg1 Qf2+ 39. Kh1 Qh4+ 40.
Kg1 Qf2+ 1/2-1/2

[Event "Late-Titled-Tuesday-Blitz-March-19-2024"]
[Site "Chess.com"]
[Date "2024.03.19"]
[Round "4"]
[White "vladislavkovalev"]
[Black "Oleksandr_Bortnyk"]
[Result "1-0"]
[WhiteElo "2880"]
[BlackElo "3067"]
[TimeControl "180+1"]
[EndTime "14:37:44 PDT"]
[Termination "vladislavkovalev won on time"]

1. e4 Nf6 2. e5 Nd5 3. Nc3 Nxc3 4. dxc3 d6 5. Nf3 Nc6 6. Bf4 dxe5 7. Nxe5 Qxd1+ 8. Rxd1 Nxe5 9. Bxe5 c6 10. Bc4 Bf5 11.
Rd2 f6 12. Bg3 e5 13. f4 e4 14. Bf2 b5 15. Bb3 a5 16. a4 b4 17. cxb4 axb4 18. Bb6 h5 19. Kf2 g6 20. a5 Rh7 21. Rhd1 Rd7 22. Rxd7 Bxd7 23. Ke3 f5 24. Bc4 Be7 25. a6 Bd8 26. Bxd8 Rxd8 27. Be6 1-0

[Event "Late-Titled-Tuesday-Blitz-March-19-2024"]
[Site "Chess.com"]
[Date "2024.03.19"]
[Round "4"]
[White "AccioChess"]
[Black "yuriydovzik"]
[Result "1-0"]
[WhiteElo "2494"]
[BlackElo "2114"]
[TimeControl "180+1"]
[EndTime "14:37:45 PDT"]
[Termination "AccioChess won on time"]

1. e4 c6 2. Nc3 g6 3. Nf3 Bg7 4. Bc4 b5 5. Bb3 a5 6. a4 b4 7. Ne2 Nf6 8. e5 Nd5 9. Bxd5 cxd5 10. d4 Ba6 11. O-O Nc6 12. Re1 Qb6 13. Nf4 e6 14.
Be3 O-O 15. h4 h5 16. Qd2 Ne7 17. Nh3 Nf5 18. Bg5 Rac8 19. Nf4 Qc7 20. Rac1 d6 21. Bf6 dxe5 22. dxe5 Qc4 23. Bxg7 Nxg7 24. Nd4 Qc7 25. Re3 Qe7 26. Rh3 Rc4 27. b3 Rc3 28. Rxc3 bxc3 29.
Qxc3 Qxh4 30. g3 Qg5 31. Nf3 Qg4 32. Nh2 Qf5 33. Qxa5 Bb7 34. Qb6 Ba8 35. Qd4 g5 36.
Ng2 1-0

[Event "Late-Titled-Tuesday-Blitz-March-19-2024"]
[Site "Chess.com"]
[Date "2024.03.19"]
[Round "4"]
[White "rodp92"]
[Black "Goryachkina"]
[Result "0-1"]
[WhiteElo "2486"]
[BlackElo "2648"]
[TimeControl "180+1"]
[EndTime "14:37:46 PDT"]
[Termination "Goryachkina won by checkmate"]

1. e4 c5 2. Nf3 Nc6 3. Bb5 g6 4. O-O Bg7 5. c3 Nf6 6. e5 Nd5 7. Re1 O-O 8. d4 cxd4 9. cxd4 d6 10. exd6 Qxd6 11. h3 Bf5 12. Nc3 Rad8 13. Bg5 Nf6 14. Bxc6 bxc6 15. Qa4 h6 16. Bh4 Qc7 17. Bg3 Qb7 18.
b3 Nd5 19. Rac1 Nb4 20. Rcd1 c5 21. dxc5 Bxc3 22. Rf1 Bd3 23. c6 Nxc6 24. Rxd3 Rxd3 25. Rc1 Rfd8 26. Kh2 a6 27. a3 Qb5 28. Qe4 Qd5 29.
Qa4 Nd4 30. Ne1 Bxe1 31. Rxe1 Nf5 32. Qg4 Nxg3 33. fxg3 Qd6 34. Rf1 Rxb3 35. a4 Rb4 36.
Qf3 Qd5 37. Qc3 Rb3 38. Qc7 Rd3 39. Qxe7 Rd2 40. Rg1 Qe6 41. Qb4 h5 42. h4 Qd5 43.
Qf4 Rc8 44. Qb4 Rcc2 45. Qb8+ Kg7 46. Qb1 Rxg2+ 47. Kh3 Rh2# 0-1

[Event "Late-Titled-Tuesday-Blitz-March-19-2024"]
[Site "Chess.com"]
[Date "2024.03.19"]
[Round "4"]
[White "Mikasinski"]
[Black "Grischuk"]
[Result "0-1"]
[WhiteElo "2635"]
[BlackElo "3044"]
[TimeControl "180+1"]
[EndTime "14:37:48 PDT"]
[Termination "Grischuk won by resignation"]

1. e4 e5 2. Nf3 Nc6 3. Nc3 Nf6 4.
Bb5 Bd6 5. Bxc6 dxc6 6. d4 Bg4 7. dxe5 Bxf3 8. Qxf3 Bxe5 9. Bf4 Qe7 10. Bxe5 Qxe5 11.
Qg3 Qe6 12. Qxc7 Nxe4 13. O-O Nxc3 14. bxc3 O-O 15. Qxb7 Rfb8 16. Qa6 h6 17. Rfe1 Qf6 18.
Qc4 Rb2 19. Re2 Rd8 20. Rae1 g6 21. a4 Kg7 22. h3 Rd5 23. Qa6 Qxc3 24. Qxa7 Rxc2 25.
Re7 Rf5 26. R1e2 Rc1+ 27. Kh2 Qa1 28. Qe3 Rh1+ 29. Kg3 Rg5+ 30. Kf3 Qf6+ 0-1

[Event "Late-Titled-Tuesday-Blitz-March-19-2024"]
[Site "Chess.com"]
[Date "2024.03.19"]
[Round "4"]
[White "dropstoneDP"]
[Black "AradNazari"]
[Result "1-0"]
[WhiteElo "2987"]
[BlackElo "2757"]
[TimeControl "180+1"]
[EndTime "14:37:49 PDT"]
[Termination "dropstoneDP won by resignation"]

1. e4 c5 2. Nf3 d6 3. d4 cxd4 4. Nxd4 Nf6 5. Nc3 a6 6. Be2 e5 7.
Nb3 Be7 8. O-O O-O 9. Qd3 Be6 10.
Bd2 a5 11. a4 b6 12. Nd5 Nc6 13. c3 Bxd5 14. exd5 e4 15. Qb5 Na7 16. Qc4 Re8 17.
Nd4 Rc8 18. Qb3 Nd7 19. Bg4 Nc5 20. Qd1 Rc7 21. b4 Nd3 22. b5 g6 23. Nc6 Nxc6 24. dxc6 f5 25. Be2 Ne5 26. Bf4 Bf6 27. Qd5+ Kg7 28.
Be3 Rc8 29. Rad1 Nf7 30. Bc4 Re5 31. Qxf7+ 1-0

[Event "Late-Titled-Tuesday-Blitz-March-19-2024"]
[Site "Chess.com"]
[Date "2024.03.19"]
[Round "4"]
[White "Zhigalko_Sergei"]
[Black "Aslanov_Umid"]
[Result "1-0"]
[WhiteElo "2874"]
[BlackElo "2605"]
[TimeControl "180+1"]
[EndTime "14:37:49 PDT"]
[Termination "Zhigalko_Sergei won by resignation"]

1. g4 d5 2. Bg2 c6 3. g5 e5 4.
h4 Bd6 5. c4 Ne7 6. Nc3 e4 7.
cxd5 cxd5 8. d3 Bb4 9. dxe4 d4 10. a3 Ba5 11. b4 dxc3 12. bxa5 Qxa5 13. Nf3 O-O 14.
O-O Nbc6 15. Bf4 Be6 16. Qd3 Rfd8 17. Qe3 Ng6 18. Bg3 Nge5 19. Rfc1 Nxf3+ 20. Bxf3 Nd4 21. Rxc3 Nb3 22. Rxb3 Bxb3 23. Qxb3 b5 24. e5 Rac8 25. e6 fxe6 26. Qxe6+ Kh8 27. Be5 Re8 28. Qd7 Rg8 29. Bxg7+ Rxg7 30. Qxc8+ Rg8 31. Qf5 1-0

[Event "Late-Titled-Tuesday-Blitz-March-19-2024"]
[Site "Chess.com"]
[Date "2024.03.19"]
[Round "4"]
[White "MoldyTofu"]
[Black "Fore_Man"]
[Result "1-0"]
[WhiteElo "2084"]
[BlackElo "2287"]
[TimeControl "180+1"]
[EndTime "14:37:51 PDT"]
[Termination "MoldyTofu won on time"]

1. b3 e5 2. Bb2 Nc6 3. e3 Nf6 4.
d4 exd4 5. exd4 d5 6. Nf3 Bf5 7. Bd3 Bxd3 8. Qxd3 Bd6 9. O-O O-O 10. h3 Re8 11.
Nbd2 Ne4 12. Rfe1 f5 13. a3 Qf6 14. c4 dxc4 15. bxc4 Qg6 16. Nh4 Qg5 17. Nxe4 fxe4 18.
Rxe4 Rxe4 19. Qxe4 Qd2 20. Rb1 Rf8 21. Nf3 Qa5 22.
c5 Bf4 23. d5 Nd8 24. Qd4 Bh6 25. Ne5 Rf4 26. Qc3 1-0

[Event "Late-Titled-Tuesday-Blitz-March-19-2024"]
[Site "Chess.com"]
[Date "2024.03.19"]
[Round "4"]
[White "BardArtem"]
[Black "masnyszachistaaa"]
[Result "1-0"]
[WhiteElo "2745"]
[BlackElo "2565"]
[TimeControl "180+1"]
[EndTime "14:37:52 PDT"]
[Termination "BardArtem won by resignation"]

1. e4 e5 2. d4 exd4 3. Qxd4 Nc6 4. Qd3 Nf6 5. Nc3 Bb4 6. Ne2 O-O 7. Bd2 d6 8. O-O-O Re8 9. Bg5 h6 10. Bxf6 Qxf6 11.
Nd5 Qd8 12. Nxb4 Nxb4 13. Qd2 a5 14. a3 Nc6 15. Nc3 Be6 16. Bb5 Bd7 17. f4 Ne7 18. Bc4 Be6 19. Bd3 Nc6 20. Rhg1 Nd4 21. Qf2 c5 22. g4 Rb8 23. h4 b5 24. f5 Bd7 25.
g5 h5 26. g6 f6 27. Ne2 Qb6 28. Nxd4 cxd4 29. Qe2 b4 30. a4 d5 31. Qxh5 Bxa4 32. exd5 b3 33. Rde1 Re5 34. Qh7+ Kf8 35. Rxe5 fxe5 36.
f6 Qxf6 37. Rf1 Qxf1+ 38. Bxf1 bxc2 39. Qh8+ Ke7 40. Qxb8 1-0

[Event "Late-Titled-Tuesday-Blitz-March-19-2024"]
[Site "Chess.com"]
[Date "2024.03.19"]
[Round "4"]
[White "stolencandy13"]
[Black "kleber2007"]
[Result "1-0"]
[WhiteElo "2555"]
[BlackElo "2484"]
[TimeControl "180+1"]
[EndTime "14:37:52 PDT"]
[Termination "stolencandy13 won by checkmate"]

1. d4 Nf6 2. Bf4 d5 3. e3 e6 4. Bd3 Bd6 5. Bg3 c5 6. c3 Qc7 7. f4 b6 8. Nf3 O-O 9. Qe2 a5 10.
Nbd2 Ba6 11. Bxa6 Nxa6 12. O-O Qb7 13. Bh4 Ne4 14. Rad1 f5 15. Kh1 b5 16. Rg1 b4 17.
Nxe4 fxe4 18. Ng5 Qd7 19. Qh5 h6 20. Nh3 Qf7 21. Qe2 Nc7 22. g4 Rab8 23. g5 Kh8 24. gxh6 gxh6 25. Bg5 Qh7 26. Rg4 Be7 27. Bxe7 Qxe7 28.
Rg6 Rf6 29. Rdg1 Qf7 30. Qh5 Rxg6 31. Rxg6 Qh7 32. Rxh6 Qxh6 33. Qxh6+ Kg8 34. Ng5 bxc3 35. Qh7+ Kf8 36. Qf7# 1-0

[Event "Late-Titled-Tuesday-Blitz-March-19-2024"]
[Site "Chess.com"]
[Date "2024.03.19"]
[Round "4"]
[White "Marcan2b"]
[Black "WilsonPalencia21"]
[Result "1-0"]
[WhiteElo "2923"]
[BlackElo "2607"]
[TimeControl "180+1"]
[EndTime "14:37:53 PDT"]
[Termination "Marcan2b won on time"]

1. e4 c5 2. Nf3 d6 3. Nc3 Nf6 4. e5 dxe5 5. Nxe5 a5 6. Bb5+ Nbd7 7. d4 e6 8. O-O Be7 9. d5 exd5 10. Nxd5 O-O 11.
Nxd7 Nxd7 12. Re1 Bd6 13. Bd3 Ne5 14. Be4 Be6 15. Bf4 Bxd5 16. Bxd5 Qc7 17. Qh5 g6 18. Qh3 Nf3+ 19. Qxf3 Bxf4 20. g3 Be5 21. c3 Rab8 22. Rad1 Bg7 23. h4 h5 24. Re3 Bh6 25. Re2 Rfe8 26. Rde1 Rxe2 27. Rxe2 Bg7 28. Re4 Rd8 29.
Kg2 b6 30. a4 Qd7 31. Bc4 Rf8 32. Bb3 Re8 33. Qxf7+ Qxf7 34. Rxe8+ 1-0

[Event "Late-Titled-Tuesday-Blitz-March-19-2024"]
[Site "Chess.com"]
[Date "2024.03.19"]
[Round "4"]
[White "katharinareinecke"]
[Black "cristiano78"]
[Result "1-0"]
[WhiteElo "1990"]
[BlackElo "2254"]
[TimeControl "180+1"]
[EndTime "14:37:54 PDT"]
[Termination "katharinareinecke won by resignation"]

1. d4 Nf6 2. c4 g6 3. Nf3 Bg7 4. g3 d6 5. Bg2 O-O 6. O-O Nc6 7. Nc3 Bf5 8. Nh4 Bd7 9. e4 e5 10. d5 Nd4 11. Nf3 Bg4 12. h3 Nxf3+ 13. Bxf3 Bxh3 14.
Re1 Nd7 15. Kh2 f5 16. Kxh3 fxe4 17. Nxe4 Nf6 18. Nxf6+ Qxf6 19. Kg2 Rae8 20. Be3 e4 21. Bg4 b6 22. Be6+ Kh8 23. Rb1 g5 24. b3 h6 25.
Qe2 Qf3+ 26. Qxf3 exf3+ 27. Kh2 Be5 28. Rh1 Kg7 29. Kg1 Rf6 30. Rd1 c5 31. Bd2 Bd4 32. Rc1 Kg6 33. Bc3 Bxc3 34. Rxc3 h5 35. Re3 g4 36.
Bf5+ Kf7 37. Rxe8 Rxf5 38. Re6 Kg7 39. Kh2 1-0

[Event "Late-Titled-Tuesday-Blitz-March-19-2024"]
[Site "Chess.com"]
[Date "2024.03.19"]
[Round "4"]
[White "chess94cu"]
[Black "DenLaz"]
[Result "0-1"]
[WhiteElo "2642"]
[BlackElo "3100"]
[TimeControl "180+1"]
[EndTime "14:37:56 PDT"]
[Termination "DenLaz won on time"]

1. d4 f5 2. Nc3 Nf6 3. Bg5 d5 4. e3 e6 5. Nf3 c5 6. dxc5 Bxc5 7. Bd3 O-O 8. Ne2 Nc6 9. c4 Bb4+ 10. Kf1 dxc4 11. Bxc4 Qe7 12. g3 h6 13. Bxf6 Qxf6 14.
Kg2 Kh8 15. Nf4 g5 16. Nd3 Be7 17. Bb5 Bd7 18. Nc5 Be8 19. Rc1 Rd8 20. Qb3 g4 21. Nh4 a6 22. Nxa6 f4 23. Rhf1 Rd2 24.
exf4 Nd4 25. Qe3 Bxb5 26. Qxd2 Bxf1+ 27. Rxf1 bxa6 28. Rd1 Nf5 29. Nxf5 exf5 30. b3 Rd8 31. Qe2 Qc6+ 32. Kg1 Rxd1+ 33. Qxd1 Bf6 34. Qd3 Qe6 35. Kg2 Qe4+ 36. Qxe4 fxe4 37. h3 h5 38. hxg4 hxg4 39. Kf1 Kg7 40. Ke2 Bd4 0-1

[Event "Late-Titled-Tuesday-Blitz-March-19-2024"]
[Site "Chess.com"]
[Date "2024.03.19"]
[Round "4"]
[White "wild3000"]
[Black "Boundless_Strike"]
[Result "0-1"]
[WhiteElo "2436"]
[BlackElo "2627"]
[TimeControl "180+1"]
[EndTime "14:37:56 PDT"]
[Termination "Boundless_Strike won on time"]

1. d4 e5 2. dxe5 d6 3. e4 Nc6 4. Nc3 a6 5. Nf3 Bg4 6. Be2 Qd7 7. h3 Bh5 8. Bf4 O-O-O 9. exd6 Qe8 10. O-O Bxd6 11.
Bxd6 Rxd6 12. Qe1 g5 13. Rd1 Bxf3 14. Bxf3 Nd4 15. Bg4+ Kb8 16. Nd5 h5 17. Rxd4 hxg4 18. Qc3 Rc6 19. Rc4 Rxc4 20. Qxc4 Qe5 21. Qc3 Qxc3 22.
Nxc3 gxh3 23. gxh3 Rxh3 24. Kg2 g4 25. f3 Rxf3 26.
Rxf3 gxf3+ 27. Kxf3 Kc8 28. Kf4 Kd7 29. Kf5 Ke7 30. Nd5+ Kd6 31. c4 c6 32. Nf6 Ne7+ 33.
Kf4 Kc5 34. b3 Kd4 35. Nd7 a5 36. Kf3 Ng6 37. Nf6 Ne5+ 38. Kf4 Nd3+ 39. Kf5 Nc1 40. Ne8 Nxa2 41. Nd6 Nc1 42. e5 Nxb3 43. Nxf7 Kxc4 44.
e6 Nd4+ 45. Ke5 Nxe6 46. Kxe6 a4 47. Nd6+ Kb4 48. Nxb7 a3 49. Nd8 a2 50. Nxc6+ Kc3 51. Ne5 a1=Q 52. Kd6 Qa6+ 53. Kd5 Qb5+ 54. Ke6 Kd4 55.
Nd7 Qc6+ 56. Ke7 Kd5 57. Nf6+ Ke5 58. Ne8 Qb7+ 59. Kf8 Ke6 60. Kg8 Qc8 61. Kg7 Qxe8 62. Kh7 Qh5+ 63. Kg7 Qg5+ 64. Kh7 Kf7 0-1

[Event "Late-Titled-Tuesday-Blitz-March-19-2024"]
[Site "Chess.com"]
[Date "2024.03.19"]
[Round "4"]
[White "FredddieCroderg"]
[Black "LikeWater"]
[Result "1-0"]
[WhiteElo "2293"]
[BlackElo "2640"]
[TimeControl "180+1"]
[EndTime "14:37:59 PDT"]
[Termination "FredddieCroderg won by resignation"]

1. e4 g6 2. h4 d6 3. h5 Bg7 4. d4 Nc6 5. c3 e5 6. d5 Nce7 7. Bb5+ c6 8. Ba4 b5 9. Bb3 cxd5 10. h6 Bf8 11. Bxd5 Nxd5 12. Qxd5 Rb8 13. Nf3 Nf6 14. Qd3 Be7 15. Bg5 O-O 16. Bxf6 Bxf6 17. Nbd2 Bb7 18. Rd1 d5 19. exd5 Qxd5 20. Qxd5 Bxd5 21. O-O e4 22. Nh2 Rfe8 23. Nb3 Bc4 24. Rfe1 Bg5 25. Ng4 f5 26. Ne3 Bd3 27. Nd5 Rbd8 28. Nc7 Re7 29.
Nxb5 Red7 30. N5d4 Bxh6 31. f3 Bg7 32. fxe4 fxe4 33.
Ne6 Re8 34. Nxg7 Kxg7 35. Nc5 Rde7 36. Nxd3 exd3 37. Rxe7+ Rxe7 38. Rd2 Re2 39. Rxe2 dxe2 40. Kf2 h5 41. Kxe2 g5 42. Kf3 Kf6 43. Ke4 h4 44. c4 Ke6 45. b4 a6 46. c5 g4 47. Kf4 h3 48. gxh3 gxh3 49. Kg3 Kd5 50. Kxh3 a5 51.
a3 a4 52. Kg4 Kc4 53. c6 Kb3 54. c7 Kxa3 55. c8=Q Kxb4 56. Qb8+ Kc3 57. Qc7+ Kb2 58.
Qb6+ Ka2 59. Kf4 a3 60. Qb4 Ka1 61. Qxa3+ 1-0

[Event "Late-Titled-Tuesday-Blitz-March-19-2024"]
[Site "Chess.com"]
[Date "2024.03.19"]
[Round "4"]
[White "Mikhail_Golubev"]
[Black "bitter-cikolata"]
[Result "1-0"]
[WhiteElo "2720"]
[BlackElo "2507"]
[TimeControl "180+1"]
[EndTime "14:37:59 PDT"]
[Termination "Mikhail_Golubev won by resignation"]

1. e4 e5 2. Nf3 Nc6 3. Bc4 Bc5 4. c3 Nf6 5. d4 exd4 6. cxd4 Bb4+ 7. Nbd2 d5 8. exd5 Nxd5 9. O-O O-O 10. a3 Bxd2 11. Bxd2 Bg4 12. h3 Bh5 13. Ba2 Qd6 14. Re1 Rfe8 15. Qb3 Nf6 16. d5 Bxf3 17. dxc6 Qxd2 18. Rxe8+ Rxe8 19. Qxf7+ Kh8 20. gxf3 Qxb2 21. Rb1 Qxa3 22.
cxb7 Rb8 23. Qxc7 Qf8 24. Rc1 Rd8 25. Qxd8 Qxd8 26. Rc8 1-0

[Event "Late-Titled-Tuesday-Blitz-March-19-2024"]
[Site "Chess.com"]
[Date "2024.03.19"]
[Round "4"]
[White "Mr_Heisenberg13"]
[Black "Bugcrusher"]
[Result "1-0"]
[WhiteElo "2924"]
[BlackElo "2479"]
[TimeControl "180+1"]
[EndTime "14:38:00 PDT"]
[Termination "Mr_Heisenberg13 won by resignation"]

1. e4 e6 2. Nf3 d5 3. exd5 exd5 4. d4 Nc6 5. Bb5 Bd6 6. c4 dxc4 7. d5 a6 8. Ba4 b5 9. dxc6 bxa4 10. O-O Ne7 11.
Nbd2 O-O 12. Nxc4 Nxc6 13. Qxa4 Bd7 14. Nxd6 cxd6 15. Qf4 Be6 16. b3 Qf6 17. Qxf6 gxf6 18. Bb2 Ne5 19. Nd4 Rac8 20. Rad1 a5 21. Nxe6 fxe6 22.
Rxd6 Kf7 23. Rfd1 Rc2 24. R6d2 Rfc8 25. f3 a4 26. bxa4 Rxd2 27. Rxd2 Rc4 28. a5 Ra4 29. Bc3 Nc4 30. Rd7+ Kg6 31. Rd4 e5 32. Rg4+ Kf7 33.
a6 f5 34. Rh4 e4 35. fxe4 Ne3 36. Rxh7+ Kg6 37. Rg7+ Kh5 38. exf5 Rxa2 39. h3 Kh4 40.
Be1+ Kh5 41. a7 Ra1 42. Kf2 Nd5 43. Bd2 Ra2 44. Ke1 Ra1+ 45. Ke2 Ra2 46. Kd3 Kh4 47. f6 Ra3+ 48. Kc4 Nxf6 49. Bg5+ Kh5 50. Bxf6 Kh6 51.
Bd4 1-0

[Event "Late-Titled-Tuesday-Blitz-March-19-2024"]
[Site "Chess.com"]
[Date "2024.03.19"]
[Round "4"]
[White "martinmena"]
[Black "MalyDominator"]
[Result "0-1"]
[WhiteElo "2245"]
[BlackElo "2515"]
[TimeControl "180+1"]
[EndTime "14:38:01 PDT"]
[Termination "MalyDominator won on time"]

1. c4 e6 2. g3 Nf6 3. Bg2 d5 4. Nf3 Be7 5. O-O O-O 6. d4 b6 7. Nc3 Bb7 8. cxd5 Nxd5 9. Qc2 Nb4 10. Qb3 c5 11. a3 Nd5 12. Rd1 Nxc3 13. Qxc3 Qc8 14. dxc5 Bxc5 15. Be3 Nd7 16. Rac1 a5 17. Qe1 Qe8 18. Qd2 Bxe3 19. Qxe3 Rc8 20. Ne5 Rxc1 21. Rxc1 Bxg2 22. Kxg2 Nxe5 23. Qxe5 Qa8+ 24. Kg1 Qa6 25. a4 h6 26. Rc6 Rd8 27. Qb5 Qa8 28. Qxb6 Rd1+ 29. Kg2 Rd6 30. Qb5 Rxc6 31. f3 Rc2 0-1

[Event "Late-Titled-Tuesday-Blitz-March-19-2024"]
[Site "Chess.com"]
[Date "2024.03.19"]
[Round "4"]
[White "newyorkmouse"]
[Black "HandKnit"]
[Result "1-0"]
[WhiteElo "2655"]
[BlackElo "2479"]
[TimeControl "180+1"]
[EndTime "14:38:02 PDT"]
[Termination "newyorkmouse won by checkmate"]

1. b3 Nf6 2. a3 e5 3. Bb2 Nc6 4. d3 d5 5. e3 Bd6 6. Nd2 Be6 7. g3 O-O 8. Bg2 Qd7 9. Ne2 Bh3 10. O-O Bxg2 11. Kxg2 Rae8 12. c4 Ne7 13. cxd5 Nfxd5 14.
Rc1 Ng6 15. Qc2 Kh8 16. Nc4 Rc8 17. d4 exd4 18. Nxd4 f6 19. Rfd1 Nde7 20. h4 c5 21. Nf3 Rc6 22. h5 Ne5 23. Ncxe5 fxe5 24. Nxe5 Qc7 25.
Ng4 Nf5 26. h6 Bxg3 27. hxg7+ Nxg7 28. fxg3 Rg6 29. Ne5 Rg5 30. Rh1 h5 31. Rcf1 Rxf1 32. Rxf1 Kg8 33. Qc4+ Kh7 34. Qe4+ Kg8 35. Qd5+ Kh7 36.
Rf8 Qe7 37. Qg8+ Kh6 38. Rf6+ Qxf6 39. Qh8# 1-0